 Dungeon Crawl Stone Soup version 0.19-GnollCrawlA-1-g03664ee (webtiles) character file.

581 BlinkFrog the Skirmisher (level 1, -3/19 HPs)
             Began as a Centaur Berserker on Sept 3, 2016.
             Was a Believer of Trog.
             Slain by a gnoll
             ... wielding a +0 halberd
              (11 damage)
             ... on level 3 of the Dungeon.
             The game lasted 00:24:40 (5233 turns).

BlinkFrog the Skirmisher (Centaur Berserker)        Turns: 5233, Time: 00:24:41

Health: -3/19      AC:  5    Str: 19    XL:     1   Next: 0%
Magic:  1/1        EV:  8    Int:  6    God:    Trog [**....]
Gold:   114        SH:  0    Dex:  8    Spells: 0 memorised, 0 levels left

rFire  . . .     SeeInvis .     a - +0 spear
rCold  . . .     Gourm    .     f - +0 ring mail
rNeg   . . .     Faith    .     (no shield)
rPois  .         Spirit   .     (no helmet)
rElec  .         Dismiss  .     (no cloak)
rCorr  .         Reflect  .     (no gloves)
SustAt .         Harm     .     (no barding)
MR     .....                    (no amulet)
Stlth  ..........               (no ring)
                                (no ring)

@: exhausted, slowed
A: hooves 3, deformed body, speed 2, tough skin 3
a: Berserk, Trog's Hand, Burn Spellbooks, Renounce Religion


You were on level 3 of the Dungeon.
You worshipped Trog.
Trog was pleased with you.
You were completely stuffed.

You visited 1 branch of the dungeon, and saw 3 of its levels.

You collected 114 gold pieces.

Inventory:

Hand Weapons
 a - a +0 spear (weapon)
 b - a +1 whip of venom
   (You took it off a gnoll on level 1 of the Dungeon)
Armour
 f - a +0 ring mail (worn)
   (You found it on level 1 of the Dungeon)
Jewellery
 g - an uncursed amulet of rage {unknown}
   (You found it on level 2 of the Dungeon)
Scrolls
 d - a scroll of amnesia {unknown}
 e - a scroll of immolation {unknown}
 h - a scroll of enchant weapon {unknown}
 i - a scroll of teleportation {unknown}
 l - a scroll of identify {unknown}
 m - a scroll of fear {unknown}
Potions
 c - a potion of ambrosia {unknown}
 j - a potion of heal wounds {unknown}
 k - a potion of berserk rage {unknown}
 n - a potion of resistance {unknown}


   Skills:
 + Level 3.0 Fighting
 + Level 2.6 Polearms
 + Level 1.3 Armour
 + Level 1.3 Dodging


You couldn't memorise any spells.
You didn't know any spells.

Dungeon Overview and Level Annotations

Branches:
Dungeon (3/15)             Temple (0/1) D:2

Altars:
Hepliaklqana
Makhleb
The Shining One


Innate Abilities, Weirdness & Mutations

You have hooves in place of feet.
Armour fits poorly on your strangely shaped body.
You cover ground very quickly.
You have extremely tough skin. (AC +3)


Message History

Found a puce potion.
n - a puce potion A gnoll comes into view.
It is wielding a flail.
The gnoll shouts!
The gnoll moves out of view.
A red film seems to cover your vision as you go berserk!
You feel yourself moving faster!
You feel mighty! The gnoll hits you with a flail!
* * * LOW HITPOINT WARNING * * *
You puncture the gnoll!
You kill the gnoll!
Trog accepts your kill.
You see here a flail.
Unknown command.
Unknown command.
You feel yourself slow down.
Unknown command.
The gnoll hits you from afar with a halberd!
Ouch! That really hurt!
You die...

#........##...........##..
#........########.....####
#........................#
#........####..###....##.#
#........# #..#.........#
#........# #..#.#########
#.######## #..#....#
#.###########..####.#
#......g.@.....# #.#
##############.# #.# #.#
#.# #.####.# #......#
########


You could see a gnoll.

Vanquished Creatures
  59 gnolls
59 creatures vanquished.

Notes
Turn   | Place    | Note
-------+----------+-------------------------------------------
     0 | D:1      | BlinkFrog the Centaur Berserker began the quest for the Orb.
     0 | D:1      | Reached XP level 1. HP: 19/19 MP: 1/1
   751 | D:1      | Found a glowing golden altar of the Shining One.
  2485 | D:2      | Found a staircase to the Ecumenical Temple.
  2976 | D:2      | Reached ** piety under Trog
  3495 | D:2      | Found a hazy altar of Hepliaklqana.
  3821 | D:2      | Found a burning altar of Makhleb.
  5233 | D:3      | Slain by a gnoll

Action                   || total
-------------------------++-------
Melee: Spear             ||   264
       Kick              ||    14
       Whip              ||    11
Invok: Berserk           ||    27
  Eat: Bread ration      ||     2
Armor: Ring mail         ||     7
       Animal skin       ||     4
Dodge: Dodged            ||    32

Table legend:
 A = Turns spent in this place as a percentage of turns spent in the entire game.
 B = Non-inter-level travel turns spent in this place as a percentage of non-inter-level travel turns spent in the entire game.
 C = Inter-level travel turns spent in this place as a percentage of turns spent in this place.
 D = Turns resting spent in this place as a percentage of non-inter-level travel turns spent in this place.
 E = Turns spent auto-exploring this place as a percentage of non-inter-level travel turns spent in this place.
 F = Non-inter-level travel turns spent in this place divided by the number of levels of this place that you've seen.
                   A       B       C       D       E      F
               +-------+-------+-------+-------+-------+----------------------
         Total | 100.0 | 100.0 |   0.9 |   9.0 |   5.2 | 546.3
       Dungeon | 100.0 | 100.0 |   0.9 |   9.0 |   5.2 | 546.3
               +-------+-------+-------+-------+-------+----------------------
Skills: + Level 3.0 Fighting + Level 2.6 Polearms + Level 1.3 Armour + Level 1.3 Dodging You couldn't memorise any spells. You didn't know any spells. Dungeon Overview and Level Annotations Branches: Dungeon (3/15) Temple (0/1) D:2 Altars: Hepliaklqana Makhleb The Shining One Innate Abilities, Weirdness & Mutations You have hooves in place of feet. Armour fits poorly on your strangely shaped body. You cover ground very quickly. You have extremely tough skin. (AC +3)
